 Dungeon Crawl Stone Soup version 0.27.0-1-g7a089689b8 (webtiles) character file.

Game seed: 2847116984182930867

21017 rogsnak the Destroyer (level 12, -14/117 HPs)
             Began as a Demonspawn Fire Elementalist on Aug 2, 2021.
             Was a High Priest of Sif Muna.
             Hit by a large rock thrown by a cyclops (23 damage)
             ... on level 13 of the Dungeon.
             The game lasted 01:04:09 (14847 turns).

rogsnak the Destroyer (DsFE)                       Turns: 14847, Time: 01:04:09

Health: -14/117    AC:  9    Str:  9    XL:     12   Next: 50%
Magic:  0/34       EV: 12    Int: 21    God:    Sif Muna [*****.]
Gold:   265        SH:  4    Dex: 14    Spells: 6/30 levels left

rFire    + + +     SeeInvis +   t - +3 demon blade (freeze)
rCold    . . .     Faith    .   q - +0 buckler of Insurance {Regen+ Str+3}
rNeg     . . .     Spirit   +   M - +1 robe {rC+ rF+}
rPois    +         Reflect  .   (no helmet)
rElec    .         Harm     .   (no cloak)
rCorr    .         Rampage  .   m - +0 pair of gloves of the Pleiades {rPois rF++ Str-3 SInv}
Will     .....                  b - +1 pair of boots
Stlth    ..........             c - amulet of regeneration
HPRegen  2.29/turn              B - ring of fire
MPRegen  0.48/turn              o - ring of magical power

@: berserking (expiring), very quick
A: hooves 2, thin metallic scales 2, icemail 1, magic shield, magic
regeneration, condensation shield
a: Renounce Religion, Channel Magic, Forget Spell, Divine Exegesis


You were on level 13 of the Dungeon.
You worshipped Sif Muna.
Sif Muna was extremely pleased with you.
You visited 1 branch of the dungeon, and saw 13 of its levels.
You visited 1 bazaar.
You also visited: Ossuary.

You collected 701 gold pieces.
You spent 436 gold pieces at shops.

Inventory:

Hand Weapons
 h - a +2 short sword of venom
 t - a +3 demon blade of freezing (weapon)
 J - a +2 short sword of electrocution
Missiles
 y - 9 curare-tipped darts
 Q - 67 poisoned darts
 Y - 5 throwing nets
Armour
 b - a +1 pair of boots (worn)
 m - the +0 pair of gloves of the Pleiades (worn) {rPois rF++ Str-3 SInv}
   (You bought it in a shop in a bazaar)

   Str:       It affects your strength (-3).
   rF:        It greatly protects you from fire.
   rPois:     It protects you from poison.
   SInv:      It lets you see invisible.
 p - a +2 pair of gloves of dexterity
 q - the +0 buckler of Insurance (worn) {Regen+ Str+3}
   (You bought it in a shop in a bazaar)

   Str:       It affects your strength (+3).
   Regen:     It increases your rate of health regeneration.
 M - a +1 robe of resistance (worn)
 N - a +1 leather armour of fire resistance
 V - a +0 troll leather armour
Magical Staves
 i - a staff of earth
 T - a staff of fire
Jewellery
 c - an amulet of regeneration (around neck)
 o - a ring of magical power (right hand)
 w - a ring of protection from cold
 B - a ring of fire (left hand)
 K - a ring of wizardry
 O - a ring of resist corrosion
Wands
 x - a wand of iceblast (9)
 E - a wand of acid (4)
 G - a wand of mindburst (12)
 X - a wand of flame (4)
 Z - a wand of paralysis (19)
Scrolls
 d - 4 scrolls of blinking {unknown}
 e - 2 scrolls of fog {unknown}
 j - 3 scrolls of teleportation
 s - a scroll of brand weapon {unknown}
 D - 5 scrolls of enchant armour {unknown}
 F - 4 scrolls of noise {unknown}
 H - a scroll of summoning
 I - a scroll of magic mapping {unknown}
 L - a scroll of immolation
 P - 3 scrolls of torment {unknown}
 U - a scroll of fear {unknown}
 W - a scroll of amnesia
Potions
 a - a potion of brilliance {unknown}
 g - a potion of magic {unknown}
 k - 3 potions of cancellation {unknown}
 l - 2 potions of curing
 n - 4 potions of lignification {unknown}
 r - 2 potions of flight {unknown}
 v - 2 potions of resistance {unknown}
 z - 4 potions of might {unknown}
 A - 3 potions of heal wounds {unknown}
 C - 3 potions of degeneration {unknown}
Miscellaneous
 u - a lightning rod (4/4)
 R - a piece from Xom's chessboard (15/15)
 S - a phantom mirror


   Skills:
 + Level 2.1 Fighting
 + Level 3.5 Dodging
 - Level 2.0 Stealth
 - Level 1.0 Shields
 + Level 9.7 Spellcasting
 * Level 13.0 Conjurations
 + Level 8.8 Fire Magic
 + Level 0.2 Air Magic
 * Level 6.9 Earth Magic
 - Level 0.3 Poison Magic
 + Level 0.3 Evocations


You had 6 spell levels left.
You knew the following spells:

 Your Spells              Type           Power      Damage    Failure   Level
a - Foxfire               Conj/Fire      100%       2x1d9     1%          1
b - Sticky Flame          Conj/Fire      71%        2d8       1%          4
c - Fireball              Conj/Fire      35%        3d15      3%          5
d - Iron Shot             Conj/Erth      25%        9d5       24%         6
e - Mephitic Cloud        Conj/Pois/Air  29%        N/A       4%          3
f - Iskenderun's Battles  Conj           60%        2d11      1%          5

Your spell library contained the following spells:

 Spells                   Type           Power      Damage    Failure   Level
 Magic Dart               Conj           100%       1d8       1%          1
 Conjure Flame            Conj/Fire      71%        6-21      1%          3
 Inner Flame              Hex/Fire       43%        N/A       4%          3
 Fulminant Prism          Conj/Hex       18%        3d11      7%          4
 Call Imp                 Summ           10%        N/A       14%         2
 Ensorcelled Hibernation  Hex/Ice        20%        N/A       14%         2
 Wereblood                Tmut           10%        N/A       14%         2
 Starburst                Conj/Fire      35%        8x6d10    17%         6
 Irradiate                Conj/Tmut      18%        3d19      19%         5
 Leda's Liquefaction      Hex/Erth       12%        N/A       24%         4
 Spider Form              Tmut/Pois      5%         N/A       26%         3
 Call Canine Familiar     Summ           10%        N/A       28%         3
 Portal Projectile        Hex/Tloc       20%        N/A       28%         3
 Summon Guardian Golem    Hex/Summ       10%        N/A       28%         3
 Summon Lightning Spire   Summ/Air       10%        N/A       67%         4
 Conjure Ball Lightning   Conj/Air       19%        3x3d6     67%         6
 Yara's Violent Unravell  Hex/Tmut       5%         3d4       95%         5
 Shadow Creatures         Summ           N/A        N/A       100%        6
 Orb of Destruction       Conj           30%        9d11      36%         7
 Spellforged Servitor     Conj/Summ      18%        N/A       99%         7
 Dragon Form              Tmut           5%         N/A       100%        7
 Storm Form               Tmut/Air       5%         N/A       100%        7
 Maxwell's Capacitive Co  Air            5%         ∞         100%        8


Dungeon Overview and Level Annotations

Branches:
Dungeon (13/15)            Temple (0/1) D:5            Lair (0/6) D:9
    Orc (0/2) D:11        Ossuary (visited)
 Vaults: D:13-14

Altars:
Ashenzari
Cheibriados
Elyvilon
Fedhas
Gozag
Kikubaaqudgha
Nemelex Xobeh
Okawaru
Qazlal
Sif Muna
The Shining One
Beogh

Shops:
D:4 (   D:7 *   D:8 ::=(   D:10 =

Annotations:
D:4 SomeFlowers's ghost, amateur GrWz
D:5 3 runed translucent doors, ChodeyFoster420's ghost, amateur MiBe
D:11 exclusion: orange crystal statue


Innate Abilities, Weirdness & Mutations

You have hoof-like feet.
You are mostly covered in thin metallic scales. (AC +3)
A meltable icy envelope protects you from harm. (AC +0)
When hurt, damage is shared between your health and your magic reserves.
You regenerate magic rapidly.
A meltable shield of frost defends you. (SH +0)


Message History

The cyclops shouts!
Unknown command.
You feel better.
You are covered in liquid flames!
The wolf spider hits you! The wolf spider bites you.
* * * LOW HITPOINT WARNING * * *
The wolf spider hits you!
* * * LOW HITPOINT WARNING * * *
The wolf spider bites you but does no damage.
The deep elf pyromancer closely misses you.
A red film seems to cover your vision as you go berserk!
You feel yourself moving faster!
You feel mighty!
You are covered in liquid flames!
* * * LOW HITPOINT WARNING * * *
The wolf spider hits you but does no damage.
The wolf spider bites you but does no damage.
The deep elf pyromancer mumbles some strange words.
You slash the deep elf pyromancer! You freeze the deep elf pyromancer.
You kill the deep elf pyromancer!
Sif Muna accepts your kill.
The fire elemental disappears in a puff of smoke! x2
You are covered in liquid flames!
You are no longer on fire.
The wolf spider hits you but does no damage.
The wolf spider closely misses you. The wolf spider barely misses you.
You riposte.
You slash the wolf spider! You freeze the wolf spider.
The wolf spider is moderately wounded.
The wolf spider bites you!
* * * LOW HITPOINT WARNING * * *
Unknown command.
Your surroundings suddenly seem different.
The cyclops shouts!
A vampire mosquito comes into view.
The vampire mosquito buzzes angrily.
A vampire mosquito comes into view.
The vampire mosquito buzzes angrily.
Found 25 gold pieces.
You feel a strong urge to attack something.
The cyclops throws a large rock.
The large rock hits you!!
You die...

....#......♣ ≈
.......<...♣♣♣≈P≈
........#...*....≈≈P≈≈
....... ###........♣♣
....... #............
....... #.<..........
....... ##...........
.$.....###............
........@.............
##..............}....
#................(..
##............
#....y.......
#Cy...###.... #......
.... #...... ...
........


You could see a cyclops and 2 vampire mosquitoes.

Vanquished Creatures
  Harold (D:10)
  A hydra (D:12)
  A boulder beetle (D:10)
  3 two-headed ogres
  3 skeletal warriors (D:13)
  An obsidian statue (D:12)
  An orc knight (D:11)
  2 deep elf pyromancers
  An ugly thing (D:11)
  2 manticores
  A gargoyle (D:10)
  2 unseen horrors
  Psyche (D:10)
  A hornet (D:9)
  2 trolls
  7 slime creatures
  2 shadows
  21 yaks
  A wraith (D:11)
  A wyvern (D:4)
  2 vampire mosquitoes (D:11)
  Edmund (D:4)
  A water moccasin (D:6)
  7 orc warriors
  2 ogres
  2 ice beasts
  2 necrophages (D:6)
  2 sky beasts
  A wolf (D:9)
  2 centaurs
  2 phantoms (D:4)
  3 kobold brigands
  3 bullfrogs (D:8)
  3 gnoll sergeants (D:12)
  A scorpion (D:5)
  2 water moccasin skeletons
  6 killer bees (D:11)
  2 electric eels (D:9)
  9 wights (D:7)
  3 howler monkeys
  6 centaur zombies
  8 hounds
  A jelly (D:7)
  A bullfrog skeleton (D:7)
  9 orc priests
  A centaur skeleton (D:7)
  2 gnoll shamans (D:8)
  7 iguanas
  13 orc wizards
  A hound skeleton (D:4)
  A scorpion simulacrum (D:4)
  A mummy (Ossuary)
  2 howler monkey zombies
  20 gnolls
  6 adders
  A hound simulacrum (D:4)
  A white imp (D:4)
  3 ufetubi
  An adder skeleton (D:3)
  3 worms
  4 dart slugs
  3 adder simulacra (D:4)
  64 orcs
  3 spectral bats (Ossuary)
  2 bat simulacra (Ossuary)
  8 endoplasms
  3 giant cockroaches
  19 goblins
  8 hobgoblins
  15 kobolds
  6 ball pythons
  2 bats
  8 frilled lizards
  12 gnoll zombies (Ossuary)
  3 goblin simulacra (Ossuary)
  3 goblin zombies (Ossuary)
  6 hobgoblin zombies (Ossuary)
  A jackal simulacrum (D:4)
  3 kobold simulacra (Ossuary)
  8 kobold zombies (Ossuary)
  An orc zombie (Ossuary)
  6 rats
  6 rat simulacra (Ossuary)
  A spectral goblin (Ossuary)
  2 spectral kobolds (Ossuary)
  5 spectral rats (Ossuary)
401 creatures vanquished.

Vanquished Creatures (collateral kills)
  4 foxfires
4 creatures vanquished.

Vanquished Creatures (others)
  1418 foxfires
  14 plants
1432 creatures vanquished.

Grand Total: 1837 creatures vanquished

Notes
Turn   | Place    | Note
-------+----------+-------------------------------------------
     0 | D:1      | rogsnak the Demonspawn Fire Elementalist began the quest
                  | for the Orb.
     0 | D:1      | Reached XP level 1. HP: 13/13 MP: 3/3
   358 | D:1      | Gained mutation: A meltable shield of frost defends you.
                  | (SH +0) [demonic ancestry]
   358 | D:1      | Reached XP level 2. HP: 19/19 MP: 5/5
  1218 | D:2      | Reached XP level 3. HP: 24/24 MP: 2/6
  1703 | D:2      | Reached skill level 2 in Conjurations
  2545 | D:3      | Gained mutation: A meltable icy envelope protects you from
                  | harm. (AC +0) [demonic ancestry]
  2545 | D:3      | Reached XP level 4. HP: 30/30 MP: 2/8
  2650 | D:3      | Found a sparkling altar of Nemelex Xobeh.
  2713 | D:3      | Learned a level 4 spell: Sticky Flame
  3056 | D:3      | Noticed an ogre
  3657 | D:4      | Reached skill level 3 in Conjurations
  3666 | D:4      | Gained mutation: You are partially covered in thin metallic
                  | scales. (AC +2) [demonic ancestry]
  3666 | D:4      | Reached XP level 5. HP: 14/35 MP: 0/9
  3796 | D:3      | Killed an ogre
  4118 | D:4      | Found a blossoming altar of Fedhas.
  4125 | D:4      | Learned a level 5 spell: Fireball
  4171 | D:4      | Found a runed translucent gate.
  4171 | D:4      | Found a runed translucent gate.
  4171 | D:4      | Found a runed translucent gate.
  4197 | D:4      | Gained mutation: You regenerate magic rapidly. [demonic
                  | ancestry]
  4197 | D:4      | Reached XP level 6. HP: 42/42 MP: 11/11
  4197 | D:4      | Noticed Edmund
  4240 | D:4      | Killed Edmund
  4241 | D:4      | Reached skill level 4 in Conjurations
  4368 | D:4      | Found a shimmering blue altar of Sif Muna.
  4377 | D:4      | Noticed a wyvern
  4385 | D:4      | Became a worshipper of Sif Muna the Loreminder
  4422 | D:4      | Reached XP level 7. HP: 47/47 MP: 13/13
  4457 | D:4      | Found Kifops's Weapon Shoppe.
  4550 | D:4      | Killed a wyvern
  4551 | D:4      | Reached skill level 5 in Conjurations
  4702 | D:4      | Noticed SomeFlowers's ghost (amateur GrWz)
  5290 | D:4      | Reached skill level 1 in Shields
  5346 | D:5      | Entered Level 5 of the Dungeon
  5490 | D:5      | Found a snail-covered altar of Cheibriados.
  5529 | D:5      | Reached skill level 6 in Conjurations
  5529 | D:5      | Gained mutation: You have large cloven feet. [demonic
                  | ancestry]
  5529 | D:5      | Reached XP level 8. HP: 39/53 MP: 15/15
  5703 | D:5      | Found a staircase to the Ecumenical Temple.
  5751 | D:5      | Found a runed translucent gate.
  5752 | D:5      | Found a runed translucent gate.
  5764 | D:5      | Found a runed translucent gate.
  5765 | D:5      | Noticed ChodeyFoster420's ghost (amateur MiBe)
  5861 | D:5      | Reached skill level 1 in Fighting
  5912 | D:5      | Reached * piety under Sif Muna
  5913 | D:5      | Reached skill level 5 in Fire Magic
  6152 | D:5      | Found a broken altar of Ashenzari.
  6175 | D:5      | Reached skill level 5 in Spellcasting
  6802 | D:6      | Learned a level 6 spell: Iron Shot
  6883 | D:6      | Reached ** piety under Sif Muna
  6890 | D:6      | Reached skill level 7 in Conjurations
  6890 | D:6      | Reached skill level 1 in Earth Magic
  7364 | D:7      | Gained mutation: When hurt, damage is shared between your
                  | health and your magic reserves. [demonic ancestry]
  7364 | D:7      | Reached XP level 9. HP: 59/59 MP: 17/17
  7469 | D:7      | Found Faoxkori's Assorted Antiques.
  7678 | D:7      | Reached skill level 8 in Conjurations
  7687 | D:7      | Reached *** piety under Sif Muna
  8384 | D:8      | Found a sand-covered staircase.
  8396 | Ossuary  | Entered an ossuary
  8554 | Ossuary  | Reached **** piety under Sif Muna
  8947 | D:8      | Found a stormy altar of Qazlal.
  8980 | D:8      | Reached skill level 9 in Conjurations
  9047 | D:8      | Noticed a death knight
  9047 | D:8      | Noticed a manticore
  9098 | D:8      | Learned a level 3 spell: Mephitic Cloud
  9116 | D:8      | Found an iron altar of Okawaru.
  9371 | D:8      | Gained mutation: You have hoof-like feet. [demonic
                  | ancestry]
  9371 | D:8      | Reached XP level 10. HP: 65/65 MP: 20/20
  9415 | D:8      | Found Teusch's Jewellery Boutique.
  9417 | D:8      | Found Fisisi Limp's Book Boutique.
  9419 | D:8      | Found Afruy's Weapon Boutique.
  9423 | D:8      | Found Cestuh's Book Boutique.
  9590 | D:8      | Found an ancient bone altar of Kikubaaqudgha.
  9647 | D:8      | Reached ***** piety under Sif Muna
  9647 | D:8      | Received a gift from Sif Muna
 10072 | D:8      | Killed a manticore
 10186 | D:8      | Noticed a two-headed ogre
 10199 | D:8      | Killed a two-headed ogre
 10200 | D:8      | Reached skill level 10 in Conjurations
 10240 | D:8      | Noticed a deep elf pyromancer
 10245 | D:8      | Killed a deep elf pyromancer
 10310 | D:8      | Got the Collected Works on Mutagenic Heat
 10587 | D:9      | Found an opulent altar of Gozag.
 11092 | D:9      | Found a staircase to the Lair.
 11173 | D:9      | Learned a level 5 spell: Iskenderun's Battlesphere
 11607 | D:10     | Entered Level 10 of the Dungeon
 11631 | D:10     | Noticed a boulder beetle
 11638 | D:10     | Killed a boulder beetle
 11639 | D:10     | Reached skill level 5 in Earth Magic
 11639 | D:10     | Gained mutation: You are mostly covered in thin metallic
                  | scales. (AC +3) [demonic ancestry]
 11639 | D:10     | Reached XP level 11. HP: 71/71 MP: 12/22
 11654 | D:10     | Noticed Harold
 11667 | D:10     | Killed Harold
 11807 | D:10     | Found Mywoal's Jewellery Shop.
 11917 | D:10     | Reached skill level 11 in Conjurations
 12088 | D:10     | Noticed Psyche
 12090 | D:10     | Paralysed by Psyche for 6 turns
 12097 | D:10     | Killed Psyche
 12480 | D:11     | Noticed a purple ugly thing
 12485 | D:11     | Killed a purple ugly thing
 12576 | D:11     | Noticed an orc knight
 12588 | D:11     | Killed an orc knight
 12684 | D:11     | Noticed a two-headed ogre
 12691 | D:11     | Killed a two-headed ogre
 12871 | D:11     | Found a staircase to the Orcish Mines.
 12914 | D:11     | Reached skill level 12 in Conjurations
 12926 | D:11     | Noticed an orange crystal statue
 13117 | D:11     | Received a gift from Sif Muna
 13128 | D:11     | Got Igohecs's Tome of Harmful Execration {god gift}
 13851 | D:11     | Reached XP level 12. HP: 72/78 MP: 10/25
 13987 | D:12     | Noticed a four-headed hydra
 14003 | D:12     | Killed a four-headed hydra
 14551 | D:12     | Found a gateway to a bazaar.
 14570 | Bazaar   | Entered a bazaar
 14570 | Bazaar   | Found Uxtep's Magic Scroll Boutique.
 14570 | Bazaar   | Found Bikenk's Weapon Emporium.
 14596 | Bazaar   | Found Poxt's Magic Scroll Boutique.
 14601 | Bazaar   | Found Kataohy's Antique Armour Shoppe.
 14607 | Bazaar   | Found Ygruniupn's Armour Emporium.
 14620 | Bazaar   | Bought a pair of masterwork gloves for 218 gold pieces
 14620 | Bazaar   | Identified the +0 pair of gloves of the Pleiades {rPois
                  | rF++ Str-3 SInv} (You bought it in a shop in a bazaar)
 14630 | Bazaar   | Bought a warped buckler for 218 gold pieces
 14630 | Bazaar   | Identified the +0 buckler of Insurance {Regen+ Str+3} (You
                  | bought it in a shop in a bazaar)
 14734 | D:13     | Noticed a two-headed ogre
 14780 | D:13     | Killed a two-headed ogre
 14835 | D:13     | Reached skill level 13 in Conjurations
 14847 | D:13     | Hit by a large rock thrown by a cyclops

Illustrated notes

Levels and vault maps discovered:
D:1:      ncdulo_wetmaze, layout_basic, chequers_serial_rivers_small_a
D:2:      mumra_celtic_spiral_tile, layout_basic
D:3:      layout_basic, nemelex_xobeh_ov_fountains_minmay, minmay_ogre_servants
D:4:      layout_basic, overflow_temple_1_default,
          mainiacjoe_overflow_boulevard, gammafunk_ghost_icy, serial_shops,
          shop, uniq_edmund
D:5:      layout_loops_corners, lemuel_round_altar, old_standard_altar,
          minmay_temple_entry_offerings, ebering_ghost_rock_garden
D:6:      layout_cave_pools, minivault_22, minmay_lizard_king
D:7:      layout_loops_ring, serial_shops, nicolae_shop_stone,
          grunt_ministairs_1
D:8:      layout_loops_cross, kennysheep_mini_moat, amcnicky_altar_gilded,
          nicolae_qazlal_scattered_showers, chequers_ossuary_entry_cave,
          minmay_shop_grid_forest, grunt_ministairs_3, minivault_27,
          minmay_the_grid_2x2 [minmay_the_grid_holed_spiral,
          minmay_the_grid_mess, minmay_the_grid_embedded,
          minmay_the_grid_prize_trominoes]
D:9:      layout_loops_corners, lemuel_round_altar, erik_lair_island
D:10:     layout_loops_ring, tso_oasis_becter, mainiacjoe_overflow_alcove_2,
          serial_shops, nicolae_take_the_stairs, uniq_psyche, uniq_harold
D:11:     layout_cave_pools, david_orc_5, minmay_protected_statue
D:12:     layout_irregular_city, serial_shops, statue_bzr
D:13:     layout_cave_pools, erik_vaults_2, serial_bayou, serial_bayou_pond_d,
          serial_bayou_lake_a, serial_bayou_crossing, serial_bayou_ford_a,
          hellmonk_ghost_happy_afterlife

Skill      XL: |  1  2  3  4  5  6  7  8  9 10 11 12 |
---------------+-------------------------------------+-----
Fire Magic     | 3 4 5 6 7 8 |  8.8
Dodging        | 2 3 |  3.5
Conjurations   | 2 3 4 6 7 9 10 12 13 | 13.0
Stealth        | 2 |  2.0
Spellcasting   | 3 4 5 6 7 9 |  9.7
Shields        | 1 |  1.0
Fighting       | 1 2 |  2.1
Earth Magic    | 1 3 5 6 |  6.9
Air Magic      | |  0.2
Poison Magic   | |  0.3
Evocations     | |  0.3

Action                   |  1- 3 |  4- 6 |  7- 9 | 10-12 || total
-------------------------+-------+-------+-------+-------++-------
Melee: Whip              |     4 |       |       |       ||     4
       Unarmed           |     3 |       |       |       ||     3
       Dagger            |     2 |       |       |       ||     2
       Short sword       |    13 |    24 |    13 |       ||    50
       Hand axe          |       |       |    74 |    11 ||    85
       Kick              |       |       |    20 |       ||    20
       Staff             |       |       |       |    29 ||    29
       Demon blade       |       |       |       |     5 ||     5
 Cast: Foxfire           |    79 |    86 |   380 |   316 ||   861
       Sticky Flame      |       |     1 |    26 |    53 ||    80
       Fireball          |       |       |     3 |    28 ||    31
       Iskenderun's Batt |       |       |       |    44 ||    44
       Mephitic Cloud    |       |       |       |    11 ||    11
       Iron Shot         |       |       |       |     4 ||     4
Evoke: Wand              |       |       |       |     3 ||     3
  Use: Scroll            |       |       |       |    10 ||    10
       Potion            |       |       |       |     2 ||     2
 Stab: Sleeping          |     1 |     1 |       |       ||     2
Armor: Robe              |     2 |     5 |    36 |    56 ||    99
       Skin              |       |       |       |     5 ||     5
Dodge: Dodged            |     7 |    14 |    66 |    82 ||   169
Block: Other             |       |     5 |    27 |    23 ||    55
       Buckler           |       |       |       |     7 ||     7
       Rpst.: Demon blade |       |       |       |     3 ||     3
